 Dungeon Crawl Stone Soup version 0.29-a0-283-ga02f740833 (webtiles) character file.

Game seed: 1123135223900727620

133 Inarius the Chopper (level 5, -3/42 HPs)
             Began as a Human Chaos Knight on Mar 13, 2022.
             Was a Plaything of Xom.
             Slain by an iron imp (5 damage)
             ... summoned by Xom
             ... on level 2 of the Dungeon.
             The game lasted 00:02:49 (1439 turns).

Inarius the Chopper (Human Chaos Knight)            Turns: 1439, Time: 00:02:49

Health: -3/42      AC:  6    Str: 14    XL:     5   Next: 39%
Magic:  5/5        EV: 12    Int: 13    God:    Xom [.....*]
Gold:   59         SH:  0    Dex: 18    Spells: 4/4 levels left

rFire   . . .      SeeInvis .   a - +0 hand axe (chaos)
rCold   . . .      Faith    .   (no shield)
rNeg    . . .      Spirit   .   b - +2 leather armour
rPois   .          Reflect  .   (no helmet)
rElec   .          Harm     .   d - +0 cloak
rCorr   .          Rampage  .   (no gloves)
Will    .....                   (no boots)
Stlth   +.........              (no amulet)
HPRegen 0.14/turn               f - +6 ring of dexterity
MPRegen 0.09/turn               (no ring)

@: no status effects
A: no striking features
a: Renounce Religion


You were on level 2 of the Dungeon.
You worshipped Xom.
You were Xom's teddy bear.
You visited 1 branch of the dungeon, and saw 2 of its levels.

You collected 85 gold pieces.
You spent 26 gold pieces at shops.

Inventory:

Hand Weapons
 a - a +0 hand axe of chaos (weapon)
Armour
 b - a +2 leather armour (worn)
 d - a +0 cloak (worn)
 h - a +0 plate armour
Jewellery
 f - a +6 ring of dexterity (left hand)
Scrolls
 g - a scroll of blinking
 i - a scroll of noise
Potions
 j - a potion of brilliance
Miscellaneous
 c - a piece from Xom's chessboard (15/15) (quivered)


   Skills:
 + Level 3.7 Fighting
 * Level 4.7 Axes
 + Level 2.3 Armour
 + Level 1.7 Dodging


You had 4 spell levels left.
You didn't know any spells.
Your spell library was empty.

Dungeon Overview and Level Annotations

Branches:
Dungeon (2/15)

Altars:
Qazlal

Shops:
D:2 ?


Message History

You hit the iron imp but do no damage.
The iron imp is moderately wounded.
The iron imp closely misses you.
You hit the iron imp.
The iron imp is heavily wounded.
The iron imp hits you!
You completely miss the iron imp.
The iron imp is heavily wounded.
The iron imp misses you.
You hit the iron imp but do no damage.
The iron imp is heavily wounded.
The iron imp barely misses you.
You hit the iron imp but do no damage.
The iron imp is heavily wounded.
The iron imp hits you!
You hit the iron imp but do no damage.
The iron imp is heavily wounded.
The iron imp looks more healthy.
You hit the iron imp but do no damage.
The iron imp is heavily wounded.
The iron imp closely misses you.
You barely miss the iron imp.
The iron imp is heavily wounded.
The iron imp closely misses you.
You hit the iron imp but do no damage.
The iron imp is heavily wounded.
The iron imp hits you!
* * * LOW HITPOINT WARNING * * *
You hit the iron imp but do no damage.
The iron imp is heavily wounded.
Okay, then.
You barely miss the iron imp.
The iron imp is heavily wounded.
The iron imp hits you.
* * * LOW HITPOINT WARNING * * *
You completely miss the iron imp.
The iron imp is heavily wounded.
The iron imp misses you. The iron imp hits you.
You die...

#...........#.##..#..#
#...........#..##.....
#.......†.......###.#.
###..##.#...........#.
##..(.#.###.........
###..#.# ##........
#..#.###.........
#########..........#.....
#.......@.........###....
####...5...†...(.........
#..........#######....
#..†.......# #....
#..........# #....
#..........# ##...
#..........# #...#
#..........# #...#
#..........# #.###


You could see an iron imp (summoned, strong).

Vanquished Creatures
  A killer bee (D:1)
  Jessica (D:2)
  A worm (D:2)
  A dart slug (D:2)
  6 ball pythons
  3 bats
  3 endoplasms (D:1)
  2 giant cockroaches (D:2)
  5 goblins
  7 hobgoblins
  4 jackals (D:2)
  5 quokkas
  3 frilled lizards (D:1)
  4 kobolds (D:1)
  7 rats
53 creatures vanquished.

Notes
Turn   | Place    | Note
-------+----------+-------------------------------------------
     0 | D:1      | Inarius the Human Chaos Knight began the quest for the Orb.
     0 | D:1      | Reached XP level 1. HP: 18/18 MP: 1/1
   230 | D:1      | Noticed a killer bee
   230 | D:1      | a hobgoblin changed into a killer bee
   231 | D:1      | XOM: potion effect (heal wounds)
   236 | D:1      | Killed a killer bee
   237 | D:1      | Reached skill level 4 in Axes
   237 | D:1      | Reached XP level 2. HP: 19/24 MP: 2/2
   237 | D:1      | Reached XP level 3. HP: 23/29 MP: 3/3
   237 | D:1      | Reached XP level 4. HP: 28/35 MP: 4/4
   355 | D:1      | XOM: divination: detect items
   450 | D:1      | XOM: divination: magic mapping
   580 | D:1      | Found a faded altar of an unknown god.
   850 | D:1      | XOM: silly message
   995 | D:2      | Noticed Jessica
  1002 | D:2      | Killed Jessica
  1003 | D:2      | Reached XP level 5. HP: 20/42 MP: 5/5
  1178 | D:2      | Found Vepteum's Magic Scroll Shoppe.
  1203 | D:2      | Bought a scroll of identify for 26 gold pieces
  1338 | D:2      | Found a stormy altar of Qazlal.
  1415 | D:2      | XOM: summons 3 hostile demons
  1437 | D:2      | HP: 1/42 [iron imp[Xom] (6)]
  1439 | D:2      | Slain by an iron imp

Illustrated notes

Levels and vault maps discovered:
D:1:      minmay_arrival_widening_spiral_wide, layout_rooms,
          hellmonk_ecumenical_altar_leap_of_faith,
          chequers_serial_rivers_small_3, chequers_serial_rivers_marsh
D:2:      layout_rooms, basic_altar, serial_shops, shop_scrolls, uniq_jessica

Skill      XL: |  1 |
---------------+----+-----
Axes           | 4 |  4.7
Fighting       | |  3.7
Armour         | |  2.3
Dodging        | |  1.7

Action                   |  1- 3 |  4- 6 || total
-------------------------+-------+-------++-------
Melee: Hand axe          |    26 |   126 ||   152
       Punch             |       |     1 ||     1
  Use: Scroll            |       |     3 ||     3
Armor: Leather armour    |    11 |    47 ||    58
Dodge: Dodged            |    22 |    86 ||   108

Table legend: (Time is in decaauts)
 A = Elapsed time spent in this place.
 B = Non-inter-level travel time spent in this place.
 C = Inter-level travel time spent in this place.
 D = Time resting spent in this place.
 E = Time spent auto-exploring this place.
 F = Levels seen in this place.
 G = Mean time per level.
                   A        B        C        D        E       F      G
               +--------+--------+--------+--------+--------+-----+--------+
         Total |   1461 |   1434 |     27 |    398 |    655 |   2 |  730.5 |
       Dungeon |   1461 |   1434 |     27 |    398 |    655 |   2 |  730.5 |
               +--------+--------+--------+--------+--------+-----+--------+

Top non-repeatable levels by time:
     D:1: 1139 daAuts
     D:2: 322 daAuts
